 Dungeon Crawl Stone Soup version 0.29-a0-824-gd827844252 (webtiles) character file.

Game seed: 1497103795140406364

57 gobodom the Digger (level 3, 0/24 HPs)
             Began as a Demonspawn Earth Elementalist on July 11, 2022.
             Succumbed to an orc's poison
             ... on level 3 of the Dungeon.
             The game lasted 00:04:19 (1912 turns).

gobodom the Digger (Demonspawn Earth Elementalist)  Turns: 1912, Time: 00:04:19

Health: 0/24       AC:  5    Str:  8    XL:     3   Next: 73%
Magic:  6/7        EV: 12    Int: 18    God:
Gold:   108        SH:  0    Dex: 13    Spells: 6/7 levels left

rFire   + . .      SeeInvis .   d - +0 dagger
rCold   . . .      Faith    .   (no shield)
rNeg    . . .      Spirit   .   a - +1 robe
rPois   .          Reflect  .   (helmet restricted)
rElec   .          Harm     .   (no cloak)
rCorr   .          Rampage  .   (no gloves)
Will    +....                   (no boots)
Stlth   ++........              (no amulet)
HPRegen 0.08/turn               m - ring of the Komtur {Fly rF+}
MPRegen 0.10/turn               o - ring of willpower

@: mighty, lethally poisoned (0 -> -5), flying, invisible
A: antennae 1, molten scales 1
a: no special abilities


You were on level 3 of the Dungeon.
You visited 1 branch of the dungeon, and saw 3 of its levels.

You collected 108 gold pieces.

Inventory:

Hand Weapons
 d - a +0 dagger (weapon)
Armour
 a - a +1 robe (worn)
Jewellery
 m - the ring of the Komtur (left hand) {Fly rF+}
   (You found it on level 2 of the Dungeon)

   [ring of flight]

   rF:        It protects you from fire.
   Fly:       It grants you flight.
 o - a ring of willpower (right hand)
Wands
 j - a wand of acid (8)
Scrolls
 f - a scroll of immolation {unknown}
 l - a scroll of amnesia {unknown}
 n - a scroll of teleportation {unknown}
Potions
 b - a potion of magic
 c - a potion of might
 e - 3 potions of lignification {unknown}
 h - a potion of attraction
 k - a potion of ambrosia {unknown}
 p - a potion of mutation {unknown}


   Skills:
 + Level 2.0 Dodging
 + Level 1.9 Stealth
 + Level 2.9 Spellcasting
 + Level 0.8 Transmutations
 + Level 3.5 Earth Magic


You had 6 spell levels left.
You knew the following spells:

 Your Spells              Type           Power      Damage    Failure   Level
a - Sandblast             Erth           30%        2d9       4%          1

Your spell library contained the following spells:

 Spells                   Type           Power      Damage    Failure   Level
 Passwall                 Tmut/Erth      8%         N/A       11%         2
 Magic Dart               Conj           8%         1d3       17%         1
 Necrotise                Necr           8%         1d4       17%         1
 Stone Arrow              Conj/Erth      16%        3d8       24%         3
 Call Imp                 Summ           2%         N/A       26%         2
 Mephitic Cloud           Conj/Pois/Air  2%         N/A       45%         3
 Vampiric Draining        Necr           2%         2d6       45%         3
 Petrify                  Tmut/Erth      10%        N/A       56%         4
 Agony                    Necr           2%         N/A       99%         5


Dungeon Overview and Level Annotations

Branches:
Dungeon (3/15)

Altars:


Innate Abilities, Weirdness & Mutations

You have a pair of small antennae on your head.
You are partially covered in molten scales. (AC +2)


Message History

The hobgoblin barely misses you. The orc priest completely misses you.
The orc hits you but does no damage.
You are poisoned.
The orc attacks as you move away!
The orc hits you with a +1 dagger of venom.
You feel sick. The hobgoblin attacks as you move away!
The hobgoblin closely misses you.
You feel sick.
You feel sick.
You hit the hobgoblin.
The hobgoblin is lightly wounded.
You feel sick. The hobgoblin closely misses you.
You closely miss the hobgoblin.
The hobgoblin is lightly wounded.
You feel sick.
You are no longer poisoned.
The hobgoblin hits you.
* * * LOW HITPOINT WARNING * * *
The orc hits you with a +1 dagger of venom.
* * * LOW HITPOINT WARNING * * *
You feel better. The hobgoblin barely misses you.
The orc hits you with a +1 dagger of venom.
* * * LOW HITPOINT WARNING * * *
You are lethally poisoned!
You fade into invisibility!
* * * LOW HITPOINT WARNING * * *
You feel sick. The hobgoblin closely misses you. The orc completely misses you.
Aiming: Corrosive Bolt
Press: ? - help, Q - select action, (/) - cycle Shift-Dir - straight line, f/p - orc priest
Aim: an orc priest, wielding a +0 club and wearing a +0 leather armour (lightly wounded, unable to see you, 71% to hit)
The bolt of acid hits the hobgoblin!
You kill the hobgoblin!
The bolt of acid hits the orc priest!
The acid corrodes the orc priest!
The orc priest is severely wounded.
* * * LOW HITPOINT WARNING * * *
You feel sick.
You hear a shout!
It was a potion of might.
You feel very mighty all of a sudden.
You die...

#############
#...........#
{#.#########.#
#.#.#########.#
#$#........##.#
#{#..#####. #.#
#.#..<# #.#
#.#@..# #.#
#.#oo.# #.#
##.###.#...#
#.#
....)>.....#
#.#
##.###.....#
#.# #.....# #.#
#.....# #.#
#.#.#.# #.#
....... #.#


You could see an orc priest (unable to see you, corroded) and an orc (unable to
see you).

Vanquished Creatures
  2 adders
  8 endoplasms
  A giant cockroach (D:1)
  6 goblins
  4 hobgoblins
  3 kobolds (D:1)
  4 ball pythons
  5 frilled lizards
  3 rats
36 creatures vanquished.

Notes
Turn   | Place    | Note
-------+----------+-------------------------------------------
     0 | D:1      | gobodom the Demonspawn Earth Elementalist began the quest
                  | for the Orb.
     0 | D:1      | Reached XP level 1. HP: 13/13 MP: 3/3
   236 | D:1      | Reached skill level 3 in Earth Magic
   236 | D:1      | Gained mutation: You are partially covered in molten
                  | scales. (AC +2) [demonic ancestry]
   236 | D:1      | Reached XP level 2. HP: 19/19 MP: 1/5
   763 | D:1      | Found a faded altar of an unknown god.
  1058 | D:2      | Gained mutation: You have a pair of small antennae on your
                  | head. [demonic ancestry]
  1058 | D:2      | Reached XP level 3. HP: 24/24 MP: 4/6
  1460 | D:2      | Identified the ring of the Komtur {Fly rF+}
  1908 | D:3      | HP: 1/24 [orc/+1 dagger of venom (4)]
  1912 | D:3      | Succumbed to an orc's poison

Illustrated notes

Levels and vault maps discovered:
D:1:      matt_arrival_los_fun, layout_loops_ring, ebering_ecumenical_altar_box
D:2:      layout_basic
D:3:      layout_basic, mainiacjoe_overflow_surrounded_room,
          portal_sewer_entry_d, gammafunk_ghost_smash,
          kennysheep_big_empty_room, kennysheep_generic_room_8

Skill      XL: |  1  2 |
---------------+-------+-----
Earth Magic    | 3 |  3.5
Dodging        | 2 |  2.0
Stealth        | |  1.9
Spellcasting   | |  2.9
Transmutations | |  0.8

Action                   || total
-------------------------++-------
Melee: Dagger            ||    16
 Cast: Sandblast         ||    44
Evoke: Wand              ||     1
  Use: Scroll            ||     5
       Potion            ||     3
Armor: Robe              ||     9
Dodge: Dodged            ||    25

Table legend: (Time is in decaauts)
 A = Elapsed time spent in this place.
 B = Non-inter-level travel time spent in this place.
 C = Inter-level travel time spent in this place.
 D = Time resting spent in this place.
 E = Time spent auto-exploring this place.
 F = Levels seen in this place.
 G = Mean time per level.
                   A        B        C        D        E       F      G
               +--------+--------+--------+--------+--------+-----+--------+
         Total |   1955 |   1885 |     70 |     27 |   1602 |   3 |  651.7 |
       Dungeon |   1955 |   1885 |     70 |     27 |   1602 |   3 |  651.7 |
               +--------+--------+--------+--------+--------+-----+--------+

Top non-repeatable levels by time:
     D:1: 1047 daAuts
     D:2: 690 daAuts
     D:3: 217 daAuts
